 Dungeon Crawl Stone Soup version 0.30.1-11-g7821555f0a (webtiles) character file.

Game seed: 2059669522180377784

12169 PurpleCat the Severer (level 11, -8/83 HPs)
             Began as a Minotaur Fighter on Nov 8, 2023.
             Was a High Priest of Okawaru.
             Mangled by a komodo dragon (12 damage)
             ... on level 3 of the Lair of Beasts.
             The game lasted 01:02:34 (12129 turns).

PurpleCat the Severer (Minotaur Fighter)           Turns: 12129, Time: 01:02:34

Health: -8/83      AC: 18    Str: 31    XL:     11   Next: 58%
Magic:  5/10       EV:  9    Int:  5    God:    Okawaru [*****.]
Gold:   700        SH:  8    Dex: 16    Spells: 10/10 levels left

rFire   . . .        a - +0 war axe
rCold   . . .        M - +2 buckler {AC+3}
rNeg    . . .        L - +0 chain mail
rPois   .            (helmet restricted)
rElec   .            (no cloak)
rCorr   .            l - +0 pair of gloves
SInv    .            I - +0 pair of boots
Will    .....        m - amulet of faith Stlth
                     g - +6 ring of dexterity
HPRegen 0.33/turn    c - +6 ring of strength
MPRegen 0.12/turn

%: faith
@: finesse-ful
A: horns 2, retaliatory headbutt
a: Renounce Religion, Heroism, Finesse, Duel


You were on level 3 of the Lair of Beasts.
You worshipped Okawaru.
Okawaru was extremely pleased with you.
You visited 3 branches of the dungeon, and saw 15 of its levels.
You also visited: Sewer and Ossuary.

You collected 700 gold pieces.

Inventory:

Hand Weapons
 a - a +0 war axe (weapon)
Missiles
 j - 122 stones (quivered)
Armour
 l - a +0 pair of gloves (worn)
 I - a +0 pair of boots (worn)
 L - a +0 chain mail (worn)
 M - a +2 buckler of protection (worn)
Jewellery
 c - a +6 ring of strength (right hand)
 g - a +6 ring of dexterity (left hand)
 k - a ring of positive energy
 m - an amulet of faith (around neck)
 p - a +6 ring of intelligence
 B - an amulet of guardian spirit
 H - a ring of fire
 J - a ring of resist corrosion
 S - a ring of protection from fire
Wands
 C - a wand of roots (9)
 F - a wand of flame (34)
 K - a wand of paralysis (1)
 P - a wand of polymorph (3)
Scrolls
 b - a scroll of acquirement {unknown}
 h - a scroll of immolation {unknown}
 q - 4 scrolls of blinking
 s - 3 scrolls of fear
 t - 3 scrolls of enchant weapon
 v - 9 scrolls of teleportation
 w - 2 scrolls of identify
 x - 3 scrolls of fog {unknown}
 y - 3 scrolls of enchant armour
 D - 2 scrolls of summoning {unknown}
 E - 3 scrolls of silence {unknown}
 T - a scroll of vulnerability {unknown}
 U - a scroll of poison {unknown}
Potions
 d - 5 potions of might
 e - a potion of haste {unknown}
 f - a potion of ambrosia {unknown}
 i - 7 potions of curing
 n - 2 potions of cancellation
 o - 2 potions of flight
 r - 2 potions of berserk rage {unknown}
 u - 6 potions of mutation
 z - a potion of brilliance {unknown}
 A - 3 potions of resistance
 G - 2 potions of lignification {unknown}
 N - a potion of invisibility {unknown}
 O - a potion of magic {unknown}
 Q - 2 potions of attraction {unknown}
 R - a potion of heal wounds {unknown}


   Skills:
 - Level 3.9 Fighting
 * Level 17.8 Axes
 * Level 11.6 Armour
 * Level 6.3 Shields
 + Level 2.4 Evocations


You had 10 spell levels left.
You didn't know any spells.
Your spell library contained the following spells:

 Spells                   Type           Power      Damage    Failure   Level
 Hailstorm                Conj/Ice       0%         3d3       99%         3
 Ice Form                 Ice/Tmut       0%         N/A       100%        4
 Simulacrum               Ice/Necr       Unusable   N/A       N/A         6

Dungeon Overview and Level Annotations

Branches:
Dungeon (10/15)            Temple (1/1) D:6            Lair (4/5) D:10
    Orc (0/2) D:9           Sewer (visited)         Ossuary (visited)
  Swamp: Lair:2-3    Shoals: Lair:2-3     Snake: Lair:2-3    Spider: Lair:2-3
  Slime: Lair:4-5

Altars:
Ashenzari
Cheibriados
Dithmenos
Elyvilon
Fedhas
Gozag
Hepliaklqana
Kikubaaqudgha
Makhleb
Nemelex Xobeh
Okawaru
Qazlal
Ru
Sif Muna
Trog
Uskayaw
Vehumet
Wu Jian
Xom
Yredelemnul
Zin
The Shining One

Shops:
D:6 *   D:9 [

Annotations:
Lair:4 1 runed translucent door


Innate Abilities, Weirdness & Mutations

You have a pair of horns on your head.
You reflexively headbutt those who attack you in melee.


Message History

You feel like a meek peon again.
A death yak comes into view.
You block the death yak's attack.
The dream sheep ruffle their wool and motes of dream dust sparkle, to no effect.
The spriggan rider hits the plant with the +7 trident "Guerod" {pain, rN+ Str+5 Int+4}!
The plant begins to die.
The plant writhes in agony.
The komodo dragon attacks as you move away!
The komodo dragon misses you. You furiously retaliate!
You headbutt the komodo dragon. You block the steam dragon's attack.
The steam dragon closely misses you.
A death yak comes into view.
The spriggan rider hits the plant with the +7 trident "Guerod" {pain, rN+ Str+5 Int+4}!!
The death yak attacks as you move away! The death yak gores you.
Found a falchion.
Found a stone staircase leading down.
The spriggan rider hits the plant with the +7 trident "Guerod" {pain, rN+ Str+5 Int+4}!!
The plant writhes in agony.
Something hits the plant!
The dream sheep ruffle their wool and motes of dream dust sparkle, to no effect.
The spriggan rider hits the plant with the +7 trident "Guerod" {pain, rN+ Str+5 Int+4}!!
The plant writhes in agony.
The wolf pauses to sniff the ground.
There is a stone staircase leading up here.
Something hits the plant.
The steam dragon barely misses you.
The steam dragon claws you but does no damage.
Something hits the plant!
The spriggan rider hits the plant with the +7 trident "Guerod" {pain, rN+ Str+5 Int+4}!!
The plant writhes in agony.
You hear a shout!
You climb upwards.
You hear a distant snort.
Hark!
There is a gateway to a gauntlet on this level.
Find the entrance quickly before the gate is sealed!
There is a stone staircase leading down here.
You can now deal lightning-fast blows.
The death yak gores you!
* * * LOW HITPOINT WARNING * * *
The steam dragon breathes steam at you. The ball of steam hits you!!
* * * LOW HITPOINT WARNING * * *
The komodo dragon bites you!
You die...

... .#.+
.. ...# ..
.#. #. ..#
.#+..
##...##
#...§.#
#⌠l@Y⌠#
#.D...#
#....⌠..#
#..##.####
... .. ..
... P ##.
##


You could see a death yak, a komodo dragon and a steam dragon (catching breath).

Vanquished Creatures
  Gastronok (D:8)
  A two-headed ogre (D:6)
  Erica (D:10)
  Joseph (D:7)
  A komodo dragon (Lair:1)
  2 cane toads
  3 dream sheep (Lair:4)
  Prince Ribbit (D:9)
  3 wraiths
  Sigmund (D:6)
  A shadow (D:9)
  5 yaks (D:9)
  2 wyverns (D:9)
  A basilisk (D:10)
  A steam dragon (D:7)
  4 vampire mosquitoes (D:9)
  Menkaure (D:5)
  2 acid dragons (D:9)
  10 water moccasins
  An ice beast (D:7)
  2 orc warriors
  A black bear (D:7)
  4 ogres
  A centaur (D:6)
  2 phantoms
  Blork the orc (D:6)
  3 kobold brigands
  6 bullfrogs
  2 gnoll sergeants
  7 scorpions
  10 wights
  5 killer bees (D:8)
  2 centaur zombies (Ossuary)
  A crimson imp (D:4)
  A bullfrog zombie (Ossuary)
  3 hounds
  A jelly (D:5)
  6 orc priests
  A gnoll bouda (D:7)
  3 iguanas (D:5)
  Ijyb (D:4)
  3 sleepcaps (D:6)
  7 orc wizards
  2 scorpion zombies (Ossuary)
  An ogre zombie (Ossuary)
  11 gnolls
  16 adders
  A river rat (Sewer)
  3 white imps
  An adder zombie (Ossuary)
  2 worms
  3 dart slugs
  28 orcs
  13 ball pythons
  7 endoplasms
  7 giant cockroaches
  6 goblins
  5 hobgoblins
  6 jackals
  4 quokkas
  A bat (D:1)
  11 frilled lizards
  2 gnoll zombies (Ossuary)
  3 goblin zombies (Ossuary)
  2 hobgoblin zombies (Ossuary)
  14 kobolds
  4 orc zombies (Ossuary)
  31 rats
300 creatures vanquished.

Notes
Turn   | Place    | Note
-------+----------+-------------------------------------------
     0 | D:1      | PurpleCat the Minotaur Fighter began the quest for the Orb.
     0 | D:1      | Reached XP level 1. HP: 19/19 MP: 0/0
   138 | D:1      | Reached XP level 2. HP: 27/27 MP: 1/1
   491 | D:1      | Reached skill level 3 in Axes
   775 | D:1      | Reached XP level 3. HP: 33/33 MP: 2/2
  1156 | D:2      | Reached skill level 4 in Axes
  1174 | D:2      | Found a faded altar of an unknown god.
  1802 | D:3      | Reached XP level 4. HP: 40/40 MP: 3/3
  1805 | D:3      | Found a glowing drain.
  1821 | Sewer    | Entered a sewer
  1966 | Sewer    | Reached skill level 5 in Axes
  2151 | Sewer    | Reached XP level 5. HP: 46/46 MP: 4/4
  2154 | Sewer    | Reached skill level 6 in Axes
  2194 | Sewer    | Reached skill level 7 in Axes
  2198 | Sewer    | Reached XP level 6. HP: 26/52 MP: 5/5
  2453 | D:3      | Noticed Ijyb
  2486 | D:4      | Killed Ijyb
  2674 | D:3      | Reached skill level 8 in Axes
  3520 | D:4      | Reached skill level 9 in Axes
  3520 | D:4      | Reached XP level 7. HP: 58/58 MP: 6/6
  3917 | D:4      | Found a burning altar of Makhleb.
  3917 | D:4      | Found a shimmering altar of Xom.
  4213 | D:5      | Entered Level 5 of the Dungeon
  4303 | D:5      | Found the +12 glaive of Prune {freeze, Prune}
  4587 | D:5      | Reached skill level 10 in Axes
  4728 | D:5      | Noticed Menkaure
  4735 | D:5      | Killed Menkaure
  4817 | D:5      | Reached skill level 11 in Axes
  4817 | D:5      | Reached XP level 8. HP: 58/66 MP: 7/7
  5478 | D:6      | Found an iron altar of Okawaru.
  5483 | D:6      | Became a worshipper of Warmaster Okawaru
  5510 | D:6      | Reached skill level 12 in Axes
  5510 | D:6      | Reached skill level 5 in Armour
  5599 | D:6      | Noticed Sigmund
  5786 | D:6      | Found a sparkling altar of Nemelex Xobeh.
  5791 | D:6      | Found a blossoming altar of Fedhas.
  5794 | D:6      | Reached * piety under Okawaru
  5796 | D:6      | Found a basalt altar of Yredelemnul.
  5834 | D:6      | Found a sacrificial altar of Ru.
  5834 | D:6      | Found a broken altar of Ashenzari.
  5836 | D:6      | Found a bloodstained altar of Trog.
  5836 | D:6      | Found a stormy altar of Qazlal.
  5837 | D:6      | Found a hazy altar of Hepliaklqana.
  5872 | D:6      | Reached skill level 13 in Axes
  5872 | D:6      | Reached XP level 9. HP: 66/71 MP: 8/8
  5884 | D:6      | Found a sand-covered staircase.
  5885 | D:6      | Found a staircase to the Ecumenical Temple.
  5891 | Ossuary  | Entered an ossuary
  6118 | Ossuary  | Noticed a silent spectre
  6317 | D:6      | Found Moun's Assorted Antiques.
  6343 | D:6      | Killed Sigmund
  6517 | Temple   | Entered the Ecumenical Temple
  6796 | D:6      | Noticed a two-headed ogre
  6814 | D:6      | Killed a two-headed ogre
  6814 | D:6      | Reached ** piety under Okawaru
  6815 | D:6      | Reached skill level 14 in Axes
  6962 | D:6      | Noticed Blork the orc
  6972 | D:6      | Killed Blork the orc
  7255 | D:7      | Noticed Joseph
  7270 | D:7      | Killed Joseph
  7271 | D:7      | Reached skill level 15 in Axes
  7441 | D:7      | Reached XP level 10. HP: 78/78 MP: 9/9
  7523 | D:7      | Reached *** piety under Okawaru
  8562 | D:8      | Noticed Gastronok
  8586 | D:8      | Killed Gastronok
  8587 | D:8      | Reached skill level 16 in Axes
  8860 | D:8      | Reached **** piety under Okawaru
  8962 | D:8      | Reached skill level 10 in Armour
  8984 | D:8      | Identified the +8 spear "Podomun" {distort, rC+ Will+}
  9567 | D:9      | Found Pekhliul's Armour Shoppe.
  9733 | D:9      | Found a staircase to the Orcish Mines.
  9829 | D:9      | Noticed Prince Ribbit
 10034 | D:9      | Found a shadowy altar of Dithmenos.
 10040 | D:9      | Killed Prince Ribbit
 10041 | D:9      | Reached skill level 17 in Axes
 10055 | D:9      | Noticed a boulder beetle
 10055 | D:9      | Noticed a cyan ugly thing
 10183 | D:9      | Noticed a tengu warrior
 10228 | D:9      | Noticed a catoblepas
 10229 | D:9      | Noticed a death knight
 10231 | D:9      | Noticed a cyclops
 10342 | D:9      | Found a glowing silver altar of Zin.
 10351 | D:9      | Found an ornate altar of the Wu Jian Council.
 10533 | D:9      | Reached XP level 11. HP: 83/83 MP: 10/10
 10588 | D:10     | Entered Level 10 of the Dungeon
 10616 | D:10     | Noticed Erica
 10632 | D:10     | Killed Erica
 10738 | D:9      | Reached skill level 1 in Evocations
 10891 | D:9      | Reached skill level 5 in Shields
 10956 | D:9      | Reached ***** piety under Okawaru
 10956 | D:9      | Received a gift from Okawaru
 11148 | D:10     | Found a staircase to the Lair.
 11158 | Lair:1   | Entered Level 1 of the Lair of Beasts
 12082 | Lair:2   | You fall into a shaft and drop 2 floors!
 12114 | Lair:4   | Noticed a death yak
 12115 | Lair:4   | Noticed a death yak
 12118 | Lair:4   | Noticed a death yak
 12121 | Lair:4   | Found a runed translucent door.
 12121 | Lair:4   | Identified the +7 trident "Guerod" {pain, rN+ Str+5 Int+4}
 12121 | Lair:4   | Noticed a spriggan rider
 12123 | Lair:4   | Noticed a death yak
 12123 | Lair:4   | Noticed a death yak
 12124 | Lair:4   | Noticed a death yak
 12129 | Lair:3   | HP: 4/83 [steam dragon/ball of steam (18)]
 12129 | Lair:3   | Mangled by a komodo dragon

Illustrated notes

Levels and vault maps discovered:
D:1:      elethiomel_arrival_infinity_welcomes_careful_drivers, layout_basic
D:2:      layout_loops_ring, shapermc_ecumenical_altar_gd,
          corexii_leaking_fountain, chequers_serial_rivers_micro_d
D:3:      layout_loops_ring, portal_sewer_entry_f, uniq_ijyb
D:4:      layout_loops_corners, grunt_temple_overflow_champion_of_chaos
D:5:      layout_basic, uniq_menkaure
D:6:      layout_basic, lemuel_crystal_altar, grunt_temple_overflow_open,
          minmay_temple_entry_proselytizer, nicolae_ossuary_entry_monument,
          serial_shops, shop, uniq_blork_the_orc, uniq_sigmund
D:7:      layout_basic, kennysheep_generic_room_8, uniq_joseph
D:8:      layout_basic, uniq_gastronok
D:9:      layout_roguey, nicolae_dithmenos_the_darkroom,
          mainiacjoe_overflow_swirl, serial_rivers,
          chequers_serial_rivers_micro_c, chequers_serial_rivers_micro_e,
          chequers_serial_rivers_micro_d, chequers_serial_rivers_micro_c,
          chequers_serial_rivers_room_a, serial_shops,
          nicolae_shop_hallway_plus, onia_ninara_dug_in_and_dangerous,
          uniq_prince_ribbit1
D:10:     layout_stronghold, minmay_lair_entry_grove, serial_glass,
          glass_columns_c, glass_columns_a, due_unseen_surprise,
          unseen_surprise_small, feat_on_display, item_on_display_a,
          minmay_crystal_water, uniq_erica
Temple:   hellmonk_temple_flake
Lair:1:   layout_regular_city, grunt_megastairs_5, lemuel_fruit_tree,
          lemuel_fruit_fields
Lair:2:   layout_regular_city, swamp_mist_pool, guppyfry_snake_entry_garden,
          nicolae_volcano_entry_two_sided, basic_altar
Lair:3:   minmay_lair_venomous_thicket, layout_long_grid,
          gauntlet_entry_generic, nicolae_lair_lindhole, grunt_megastairs_1,
          uniq_nergalle, uniq_urug, uniq_amaemon, uniq_sonja, uniq_fannar
Lair:4:   layout_long_grid, ebering_ghost_funeral_grove,
          infiniplex_staircase_pool

Skill      XL: |  1  2  3  4  5  6  7  8  9 10 11 |
---------------+----------------------------------+-----
Axes           | 3 4 5 7 9 11 13 15 17 | 17.8
Armour         | 6 8 10 11 | 11.6
Shields        | 6 |  6.3
Evocations     | 2 |  2.4
Fighting       | |  3.9

Action                     |  1- 3 |  4- 6 |  7- 9 | 10-12 || total
---------------------------+-------+-------+-------+-------++-------
  Melee: War axe           |    82 |   187 |   269 |   327 ||   865
         Headbutt          |    10 |    23 |    50 |    69 ||   152
         Unarmed           |       |       |    11 |       ||    11
  Throw: Stone             |     3 |       |       |       ||     3
 Invoke: Heroism           |       |       |     1 |     3 ||     4
         Finesse           |       |       |       |     1 ||     1
  Evoke: Wand              |       |       |     3 |       ||     3
    Use: Scroll            |       |       |     3 |    10 ||    13
 Armour: Scale mail        |    24 |    81 |    31 |       ||   136
         Chain mail        |       |       |    61 |   147 ||   208
         Skin              |       |       |     6 |       ||     6
  Dodge: Dodged            |    22 |    84 |    62 |    86 ||   254
  Block: Buckler           |    16 |    41 |    45 |    92 ||   194
